AoeStats
← 猫咪先生

Arena

510448619Analyzed
2v2 RM · 1d ago on Oct 1, 2026· 63m 39s· 4 players
Game mode
Random Map
Map size
Medium (4 player)
Population
200
Speed
Normal
Resources
Standard
Victory
Conquest
Starting age
Dark Age
Ending age
Imperial Age
RankedLock teamsTeams togetherTeam positionsShared explorationLock speedFull tech treeHidden civsTurbo modeCheats
Victory
Defeat
🇨🇱 Italians · Chile
896
+17
🇨🇱 Muisca · Chile
896
+18
🇨🇳 Wu · China
939
-18
🇺🇸 Gurjaras · United States
923
-17
Fau10
11:18 Feudal Age
10:46 Loom
17:24 Castle Age
16:11 Loom
16:18 Double-Bit Axe
16:14 Horse Collar
18:55 Bow Saw
19:28 Heavy Plow
22:49 Wheelbarrow
25:30 Hand Cart
25:38 Gold Mining
27:09 Gold Shaft Mining
29:43 Imperial Age
27:14 Town Watch
27:58 Scale Mail Armor
28:08 Forging
27:49 Fletching
29:34 Champi Runner
31:52 Crop Rotation
32:22 Two-Man Saw
30:50 Crossbowman
30:56 Champi Warrior
32:20 Chain Mail Armor
32:40 Iron Casting
32:01 Bodkin Arrow
31:57 Elite Champi Warrior
32:50 Thumb Ring
34:09 Elite Guecha Warrior
35:09 Herbalism
35:17 Huaracas
35:33 Conscription
35:27 Heavy Scorpion
35:34 Arbalester
37:21 Plate Mail Armor
36:51 Padded Archer Armor
36:51 Bracer
38:09 Sanctity
40:24 Leather Archer Armor
39:52 Onager
41:52 Siege Onager
44:04 Elite Skirmisher
46:52 Chemistry
46:13 Ballistics
Lealcinho.23
5:46 Loom
11:03 Feudal Age
15:39 Castle Age
14:26 Double-Bit Axe
14:27 Horse Collar
17:06 Bow Saw
21:45 Wheelbarrow
26:52 Heavy Plow
27:51 Hand Cart
32:12 Imperial Age
29:44 Gold Mining
30:30 Caravan
30:36 Stone Mining
31:03 Light Cavalry
31:54 Bloodlines
31:44 Husbandry
33:41 Hussar
34:34 Forging
34:30 Scale Barding Armor
34:16 Fletching
34:27 Padded Archer Armor
35:17 Crop Rotation
35:50 Two-Man Saw
35:43 Silk Road
35:46 Conscription
36:05 Iron Casting
38:51 Chemistry
38:13 Ballistics
39:34 Blast Furnace
38:54 Chain Barding Armor
38:30 Bodkin Arrow
38:50 Leather Archer Armor
38:25 Elite Genoese Crossbowman
40:31 Onager
47:41 Plate Barding Armor
47:07 Bracer
47:22 Leather Archer Armor
47:08 Scale Mail Armor
46:49 Pikeman
47:29 Squires
47:15 Arson
50:08 Ring Archer Armor
51:20 Cavalier
58:15 Chain Mail Armor
62:13 Cavalier
Neumanoooo
0:30 Loom
10:19 Feudal Age
11:38 Wheelbarrow
10:50 Double-Bit Axe
10:49 Horse Collar
20:36 Castle Age
20:43 Fletching
20:54 Padded Archer Armor
23:44 Thumb Ring
24:47 Heavy Plow
27:35 Bow Saw
27:26 Gold Mining
30:22 Ballistics
30:02 Bodkin Arrow
30:22 Leather Archer Armor
30:14 Scale Barding Armor
31:31 Stone Mining
32:24 Gold Shaft Mining
32:38 Hand Cart
35:07 Imperial Age
34:41 Kshatriyas
35:27 Stone Shaft Mining
35:14 Forging
35:04 Scale Mail Armor
35:30 Town Watch
36:57 Conscription
36:52 Bracer
37:27 Iron Casting
37:13 Chain Barding Armor
37:59 Chemistry
37:46 Crop Rotation
37:48 Town Patrol
38:43 Chain Mail Armor
38:05 Elite Elephant Archer
44:48 Elite Skirmisher
46:33 Plate Mail Armor
48:39 Heavy Camel Rider
49:25 Husbandry
49:39 Man-at-Arms
51:10 Bloodlines
53:46 Plate Barding Armor
猫咪先生
11:33 Feudal Age
16:20 Castle Age
15:24 Double-Bit Axe
15:52 Horse Collar
20:46 Wheelbarrow
26:18 Heavy Plow
31:13 Imperial Age
29:22 Hand Cart
28:54 Loom
29:26 Gold Mining
29:26 Stone Mining
29:33 Stone Mining
29:52 Padded Archer Armor
29:43 Fletching
30:21 Bow Saw
31:22 Leather Archer Armor
31:02 Bodkin Arrow
32:28 Gold Shaft Mining
32:28 Stone Shaft Mining
33:18 Two-Man Saw
33:23 Conscription
33:59 Elite Fire Archer
35:04 Red Cliffs Tactics
35:18 Elite Skirmisher
36:16 Town Watch
36:38 Bracer
36:44 Squires
36:04 Pikeman
36:30 Arson
36:57 Halberdier
37:48 Sitting Tiger
38:31 Town Patrol
40:26 Scale Mail Armor
40:37 Forging
41:33 Chain Mail Armor
43:09 Bloodlines
43:00 Husbandry
42:22 Heavy Hei Guang Cavalry
44:43 Scale Barding Armor
45:14 Iron Casting
46:13 Chain Barding Armor
46:23 Plate Mail Armor
48:06 Ballistics
47:42 Heated Shot
48:22 Guilds
50:04 Plate Barding Armor
50:30 Blast Furnace
52:37 Light Cavalry
57:19 Caravan
Connection lost

Rejoining the realm…

Still unreachable

The connection could not be restored.

Session expired

The server has moved on; the page needs a fresh start.